 Dungeon Crawl Stone Soup version 0.25-a0-1024-gbfbf38f2cb (webtiles) character file.

Game seed: 7352761618663816461, levelgen mode: classic

2626 Amnesiac the Cruncher (level 9, -2/50 HPs)
             Began as a Deep Elf Gladiator on May 12, 2020.
             Was an Elder of Okawaru.
             Slain by an orc warrior
             ... wielding a +0 halberd
              (21 damage)
             ... in a bailey.
             The game lasted 00:20:23 (8016 turns).

Amnesiac the Cruncher (Deep Elf Gladiator)          Turns: 8016, Time: 00:20:24

Health: -2/50      AC:  9    Str: 18    XL:     9   Next: 34%
Magic:  14/14      EV: 15    Int: 14    God:    Okawaru [****..]
Gold:   90         SH:  0    Dex: 22    Spells: 3/8 levels left

rFire    . . .     SeeInvis +   a - +1 lajatang
rCold    . . .     Gourm    .   (shield currently unavailable)
rNeg     . . .     Faith    +   o - +0 ring mail
rPois    .         Spirit   .   K - +2 helmet
rElec    +         Reflect  .   (no cloak)
rCorr    .         Harm     .   d - +0 pair of gloves
MR       .....                  (no boots)
Stlth    +.........             y - amulet of faith
HPRegen  0.16/turn              c - ring of Fixtur {+Blink rElec Str+4 Dex+6}
MPRegen  0.14/turn              I - ring of see invisible

@: studying Armour
A: no striking features
a: Heroism, Renounce Religion, Evoke Blink


You were in a bailey.
You worshipped Okawaru.
Okawaru was greatly pleased with you.
You were not hungry.

You visited 2 branches of the dungeon, and saw 8 of its levels.
You also visited: Bailey.

You collected 321 gold pieces.
You spent 231 gold pieces at shops.

Inventory:

Hand Weapons
 a - a +1 lajatang (weapon)
 b - a +0 arbalest
Missiles
 e - 222 stones
 l - 47 arrows
 p - a boomerang
 s - 48 bolts
 v - 5 poisoned darts (quivered)
Armour
 d - a +0 pair of gloves (worn)
 k - a +0 plate armour
 o - a +0 ring mail (worn)
 K - a +2 helmet (worn)
Magical Staves
 B - an uncursed staff of cold
Jewellery
 c - the ring of Fixtur (left hand) {+Blink rElec Str+4 Dex+6}
   (You acquired it in a bailey)

   [ring of strength]

   It affects your strength (+4).
   It affects your dexterity (+6).
   It insulates you from electricity.
   It lets you blink.
 y - an amulet of faith (around neck)
 H - an uncursed amulet of the gourmand {unknown}
 I - a ring of see invisible (right hand)
Wands
 r - a wand of paralysis (11)
 z - a wand of digging (3)
Scrolls
 j - 3 scrolls of teleportation {!r}
 n - 5 scrolls of remove curse {!r}
 q - 4 scrolls of magic mapping {!r}
 t - 2 scrolls of enchant armour {!r}
 E - a scroll of blinking {!r}
Potions
 g - 2 potions of berserk rage {!q, unknown}
 h - 3 potions of magic {!q, unknown}
 i - 5 potions of curing {!q}
 m - 4 potions of degeneration {!q, unknown}
 u - a potion of mutation {!q, unknown}
 w - a potion of haste {!q, unknown}
 x - 2 potions of brilliance {!q, unknown}
 A - a potion of stabbing {!q, unknown}
 C - a potion of lignification {!q}
 J - 2 potions of flight {!q, unknown}
Books
 D - a manual of Armour
Comestibles
 f - 7 rations
 F - 5 chunks of flesh


   Skills:
 - Level 3.1 Fighting
 * Level 10.3 Staves
 - Level 2.0 Throwing
 - Level 3.1 Armour
 - Level 5.4 Dodging
 + Level 3.0 Invocations
 - Level 4.0 Evocations


You had 3 spell levels left.
You knew the following spells:

 Your Spells              Type           Power        Failure   Level  Hunger
a - Apportation           Tloc           #.....       45%         1    ##.....
b - Corpse Rot            Necr/Air       N/A          58%         2    ###....
v - Blink                 Tloc           N/A          58%         2    ###....

Your spell library contained the following spells:

 Spells                   Type           Power        Failure   Level  Hunger
 Recall                   Summ/Tloc      N/A          83%         3    ####...
 Airstrike                Air            #.........   99%         4    #####..
 Malign Gateway           Summ/Tloc      #.........   100%        7    #######


Dungeon Overview and Level Annotations

Branches:
Dungeon (7/15)             Temple (1/1) D:4          Bailey (1/1)

Altars:
Ashenzari
Cheibriados
Dithmenos
Elyvilon
Fedhas
Gozag
Hepliaklqana
Kikubaaqudgha
Makhleb
Nemelex Xobeh
Okawaru
Qazlal
Ru
Sif Muna
Trog
Uskayaw
Vehumet
Wu Jian
Xom
Yredelemnul
Zin
The Shining One

Shops:
D:4 *   D:6 !


Message History

The orc knight roars a battlecry!
The orc warrior goes into a battle-frenzy!
Throwing (i - inventory. (/) - cycle)
v - 10 poisoned darts (quivered)
Press: ? - help, Shift-Dir - straight line, f/p - orc knight
Aim: an orc knight, wielding a +0 glaive and wearing a +0 plate armour (poisoned)
You throw a poisoned dart. The poisoned dart hits the orc knight.
The orc knight looks even sicker.
Throwing (i - inventory. (/) - cycle)
v - 9 poisoned darts (quivered)
Press: ? - help, Shift-Dir - straight line, f/p - orc knight
Aim: an orc knight, wielding a +0 glaive and wearing a +0 plate armour (lightly wounded, poisoned)
You throw a poisoned dart. The poisoned dart hits the orc knight.
The orc knight looks even sicker.
The orc knight is lightly wounded.
The orc knight hits you from afar with a +0 glaive!
Throwing (i - inventory. (/) - cycle)
v - 8 poisoned darts (quivered)
Press: ? - help, Shift-Dir - straight line, f/p - orc knight
Aim: an orc knight, wielding a +0 glaive and wearing a +0 plate armour (lightly wounded, very poisoned)
You throw a poisoned dart. The poisoned dart hits the orc knight.
The orc knight looks even sicker.
The orc knight is lightly wounded.
The orc knight hits you from afar with a +0 glaive!
Throwing (i - inventory. (/) - cycle)
v - 7 poisoned darts (quivered)
Press: ? - help, Shift-Dir - straight line, f/p - orc knight
Aim: an orc knight, wielding a +0 glaive and wearing a +0 plate armour (lightly wounded, very poisoned)
You throw a poisoned dart. The poisoned dart hits the orc knight.
The orc knight looks even sicker.
The orc knight is lightly wounded.
The orc warrior no longer looks unusually strong.
Throwing (i - inventory. (/) - cycle)
v - 6 poisoned darts (quivered)
Press: ? - help, Shift-Dir - straight line, f/p - orc knight
Aim: an orc knight, wielding a +0 glaive and wearing a +0 plate armour (lightly wounded, very poisoned)
You throw a poisoned dart. The poisoned dart hits the orc knight.
The orc knight looks even sicker.
The orc knight is lightly wounded.
The orc knight hits you from afar with a +0 glaive!!
* * * LOW HITPOINT WARNING * * *
Evoke which item? (* to show all) (? for menu, Esc to quit)
Okay, then.
Evoke which item? (* to show all) (? for menu, Esc to quit)
Aiming: Paralyse
Press: ? - help, Shift-Dir - straight line, f/p - orc knight
Aim: an orc knight, wielding a +0 glaive and wearing a +0 plate armour (heavily wounded, very poisoned, chance to defeat MR: 40%)
Okay, then.
Unknown command.
The orc knight roars a battlecry!
The orc warrior goes into a battle-frenzy!
Okay, then.
Throwing (i - inventory. (/) - cycle)
v - 5 poisoned darts (quivered)
Press: ? - help, Shift-Dir - straight line, f/p - orc knight
Aim: an orc knight, wielding a +0 glaive and wearing a +0 plate armour (heavily wounded, poisoned)
You throw a poisoned dart.
The poisoned dart closely misses the orc knight.
The orc warrior no longer looks unusually strong.
The orc knight looks more healthy.
The orc knight roars a battlecry!
The orc warriors go into a battle-frenzy!
The orc warrior hits you but does no damage.
v - 5 poisoned darts (gained 1)
You see here a poisoned dart.
You see here a poisoned dart.
Autopickup is now off.
The orc warrior no longer looks unusually strong.
The orc warrior hits you from afar with a +0 halberd!!
You die...

............(##.')#oo #)'.##.....
.............##)###o8 ###.##.....
............(##('.#?. #)'.##.....
.............##.#########.##.....
.............o#o.##)#)##..#......
.............o##..#'#'#(.##......
..............o##.o...o.##.......
.......≈≈≈≈≈....#########(...≈≈≈≈
......≈≈#)#≈≈...@..###......≈≈#.#
......≈##.∩#≈.....(..(......≈#∩.#
......≈..^.(≈........=......≈).^.
......≈##.##≈...............≈##.#
......≈≈#.#≈≈...............≈≈#.#
.......≈≈≈≈≈.................≈≈≈≈
........................[........
.................................
.................................


You could see an orc knight and 2 orc warriors.

Vanquished Creatures
  A moth of wrath (D:3)
  Joseph (D:7)
  2 sky beasts
  6 orc warriors (Bailey)
  A necrophage (D:6)
  An ice beast (D:6)
  A centaur (D:5)
  A bullfrog (D:7)
  3 howler monkeys
  3 crimson imps
  A centaur skeleton (D:6)
  2 hounds
  An orc priest (D:7)
  An orc wizard (D:3)
  3 iguanas
  4 worker ants
  A worker ant zombie (D:6)
  5 adders
  7 gnolls
  An adder skeleton (D:6)
  9 worms
  3 dart slugs
  5 leopard geckos
  26 orcs
  2 ball pythons
  4 giant cockroaches
  13 goblins
  7 hobgoblins
  15 jackals
  6 kobolds
  3 quokkas
  13 bats
  4 frilled lizards
  A jackal zombie (D:5)
  A quokka skeleton (D:7)
  12 rats
170 creatures vanquished.

Notes
Turn   | Place    | Note
-------+----------+-------------------------------------------
     0 | D:1      | Amnesiac the Deep Elf Gladiator began the quest for the
                  | Orb.
     0 | D:1      | Reached XP level 1. HP: 12/12 MP: 3/3
   135 | D:2      | Noticed a howler monkey
   149 | D:3      | Reached XP level 2. HP: 16/16 MP: 4/4
   157 | D:3      | Reached skill level 1 in Armour
   411 | D:2      | Reached XP level 3. HP: 19/20 MP: 5/5
   533 | D:1      | Reached skill level 4 in Staves
  1254 | D:2      | Reached XP level 4. HP: 23/25 MP: 6/6
  2112 | D:3      | Reached XP level 5. HP: 13/30 MP: 7/7
  2539 | D:3      | Reached skill level 5 in Staves
  2720 | D:3      | Noticed a moth of wrath
  2892 | D:3      | Found a bloodstained altar of Trog.
  3064 | D:3      | Found a white marble altar of Elyvilon.
  3554 | D:4      | Reached XP level 6. HP: 30/35 MP: 8/8
  3638 | D:4      | Found Loror's Luxury Loot.
  3652 | D:4      | Bought a +0 lajatang for 165 gold pieces
  3671 | D:4      | Identified Tick's Tome of Dislocation and Air
  3676 | D:4      | Learned a level 2 spell: Blink
  3678 | D:4      | Learned a level 1 spell: Apportation
  3681 | D:4      | Learned a level 2 spell: Corpse Rot
  3723 | D:4      | Bought a potion of lignification for 33 gold pieces
  3867 | D:4      | Found a staircase to the Ecumenical Temple.
  3887 | Temple   | Entered the Ecumenical Temple
  3928 | Temple   | Became a worshipper of Warmaster Okawaru
  4195 | D:5      | Entered Level 5 of the Dungeon
  4665 | D:3      | Killed a moth of wrath
  4665 | D:3      | Reached * piety under Okawaru
  4665 | D:3      | Reached ** piety under Okawaru
  4665 | D:3      | Reached skill level 6 in Staves
  4665 | D:3      | Reached skill level 5 in Dodging
  4665 | D:3      | Reached XP level 7. HP: 41/41 MP: 9/9
  4791 | D:5      | Reached skill level 1 in Evocations
  4928 | D:5      | Reached skill level 7 in Staves
  4928 | D:5      | Reached XP level 8. HP: 30/46 MP: 9/11
  5374 | D:6      | Found Hofokeme's Distillery.
  5377 | D:6      | Bought a potion of curing for 33 gold pieces
  5515 | D:6      | Reached skill level 8 in Staves
  5613 | D:6      | Reached *** piety under Okawaru
  5845 | D:7      | Noticed Joseph
  5871 | D:7      | Killed Joseph
  5871 | D:7      | Reached skill level 9 in Staves
  5997 | D:7      | Reached **** piety under Okawaru
  5997 | D:7      | Reached XP level 9. HP: 39/50 MP: 14/14
  6043 | D:7      | Reached skill level 1 in Invocations
  6070 | D:7      | Found a flagged portal.
  6080 | Bailey   | Entered a bailey
  6345 | Bailey   | Identified a scroll of acquirement {!r}
  6345 | Bailey   | Identified the ring of Fixtur {+Blink rElec Str+4 Dex+6}
                  | (You acquired it in a bailey)
  7618 | Bailey   | Reached skill level 10 in Staves
  7920 | Bailey   | Noticed an orc knight
  8016 | Bailey   | Slain by an orc warrior

Illustrated notes

Levels and vault maps discovered:
D:1:      zaba_arrival_water, layout_rooms, serial_forest,
          infiniplex_forest_end_2, infiniplex_forest_end_double,
          infiniplex_forest_lined_room_, infiniplex_forest_clump_long,
          infiniplex_forest_end_2, infiniplex_forest_corner_1,
          infiniplex_forest_lined_2, infiniplex_forest_diagonal
D:2:      layout_basic
D:3:      layout_loops_ring, tgw_trog, elyvilon_altar_3
D:4:      layout_rooms, minmay_temple_entry_statues, first_ration,
          nicolae_alphabet_shops
D:5:      layout_basic
D:6:      layout_gridville, serial_shops, shop
D:7:      layout_rooms, enter_bailey_3, uniq_joseph
Temple:   kilobyte_greek_temple
Bailey:   bailey_polearm_2, bailey

Skill      XL: |  1  2  3  4  5  6  7  8  9 |
---------------+----------------------------+-----
Armour         | 1 2 3 |  3.1
Staves         | 4 5 6 7 9 10 | 10.3
Fighting       | 2 3 |  3.1
Dodging        | 4 5 |  5.4
Evocations     | 1 4 |  4.0
Invocations    | 3 |  3.0
Throwing       | |  2.0

Action                   |  1- 3 |  4- 6 |  7- 9 || total
-------------------------+-------+-------+-------++-------
Melee: Quarterstaff      |    81 |   158 |       ||   239
       Lajatang          |       |    41 |   144 ||   185
 Fire: Arbalest          |       |       |    44 ||    44
Throw: Stone             |    52 |    33 |     3 ||    88
       Throwing net      |     4 |     5 |     1 ||    10
       Boomerang         |       |    56 |    64 ||   120
       Dart              |       |    18 |    19 ||    37
Invok: Heroism           |       |       |     4 ||     4
 Abil: Evoke Blink       |       |       |     5 ||     5
Evoke: Wand              |       |     1 |       ||     1
  Use: Scroll            |       |     6 |     7 ||    13
       Potion            |       |     1 |       ||     1
 Stab: Held in net/web   |       |     1 |     2 ||     3
  Eat: Chunk             |     1 |    10 |     6 ||    17
       Ration            |       |       |     2 ||     2
Armor: Leather armour    |    12 |       |       ||    12
       Ring mail         |    14 |    59 |    46 ||   119
       Skin              |       |     5 |       ||     5
Dodge: Dodged            |    57 |   107 |   138 ||   302

Table legend:
 A = Non-vault XP
 B = Vault XP
 C = Vault XP percentage of total XP
 D = Non-vault monster count
 E = Vault monster count
 F = Vault count percentage of total count
                 A         B        C        D         E       F
            +---------+---------+-------+---------+---------+-------
      Total |    1890 |    1862 |  49.6 |     137 |      33 |  19.4
            +---------+---------+-------+---------+---------+-------
        D:1 |      33 |       0 |   0.0 |      23 |       0 |   0.0
        D:2 |     126 |       0 |   0.0 |      33 |       0 |   0.0
        D:3 |     189 |     548 |  74.4 |      28 |       6 |  17.6
        D:4 |     257 |       0 |   0.0 |      12 |       0 |   0.0
        D:5 |     538 |       0 |   0.0 |      19 |       0 |   0.0
        D:6 |     526 |       0 |   0.0 |      13 |       0 |   0.0
        D:7 |     221 |     468 |  67.9 |       9 |       5 |  35.7
     Bailey |       0 |     846 | 100.0 |       0 |      22 | 100.0
            +---------+---------+-------+---------+---------+-------
